 Dungeon Crawl Stone Soup version 0.30-a0-639-g3916f1956a (webtiles) character file.

Game seed: 720273918761435744

3052 acebull12 the Spear-Bearer (level 9, -4/68 HPs)
             Began as a Demonspawn Chaos Knight on Jan 16, 2023.
             Was a Plaything of Xom.
             Slain by a yak (8 damage)
             ... on level 7 of the Dungeon.
             The game lasted 00:14:45 (4821 turns).

acebull12 the Spear-Bearer (DsCK)                   Turns: 4821, Time: 00:14:46

Health: -4/68      AC:  9    Str: 16    XL:     9   Next: 57%
Magic:  9/9        EV: 12    Int: 13    God:    Xom [*.....]
Gold:   301        SH:  9    Dex: 14    Spells: 8/8 levels left

rFire   . . .      SeeInvis .    a - +0 spear (chaos)
rCold   . . .      Faith    .    B - +0 kite shield
rNeg    . . .      Spirit   .    b - +2 leather armour
rPois   .          Reflect  .    G - +2 hat
rElec   .          Harm     .    n - +0 cloak
rCorr   .          Rampage  .    (no gloves)
Will    .....                    e - +0 pair of boots
Stlth   ++                       K - amulet of the acrobat
HPRegen 0.31/turn                (no ring)
MPRegen 0.11/turn                (no ring)

@: no status effects
A: antennae 1, ignite blood 1, powered by death 1, sturdy frame 2
a: Renounce Religion


You were on level 7 of the Dungeon.
You worshipped Xom.
You were a special plaything of Xom.
You visited 1 branch of the dungeon, and saw 7 of its levels.

You collected 321 gold pieces.
You spent 20 gold pieces at shops.

Inventory:

Hand Weapons
 a - a +0 spear of chaos (weapon)
Missiles
 j - 34 stones
 t - 7 poisoned darts
 I - 2 throwing nets
 M - 3 atropa-tipped darts
 P - 14 boomerangs of dispersal
Armour
 b - a +2 leather armour (worn)
 e - a +0 pair of boots (worn)
 h - a +0 scale mail
 n - a +0 cloak (worn)
 A - a scarf of shadows
 B - a +0 kite shield (worn)
 G - a +2 hat (worn)
Jewellery
 f - a ring of protection from fire
 q - an amulet of regeneration
 x - a +6 ring of intelligence
 K - an amulet of the acrobat (around neck)
Wands
 u - a wand of flame (16)
 v - a wand of digging (5)
 D - a wand of roots (9)
Scrolls
 d - 2 scrolls of fog {unknown}
 i - 7 scrolls of teleportation
 m - a scroll of noise {unknown}
 s - a scroll of summoning {unknown}
 w - 2 scrolls of silence
 y - a scroll of fear {unknown}
 E - 3 scrolls of identify
 F - 2 scrolls of poison {unknown}
 H - a scroll of brand weapon {unknown}
 L - a scroll of acquirement {unknown}
 Q - a scroll of amnesia {unknown}
Potions
 k - a potion of attraction {unknown}
 l - a potion of ambrosia {unknown}
 o - a potion of magic {unknown}
 p - 5 potions of curing
 r - a potion of resistance
 z - 2 potions of lignification {unknown}
 C - a potion of haste {unknown}
 J - a potion of brilliance {unknown}
 N - a potion of flight {unknown}
 O - 2 potions of might {unknown}
Miscellaneous
 c - a piece from Xom's chessboard (15/15) (quivered)


   Skills:
 + Level 5.0 Fighting
 * Level 8.1 Polearms
 + Level 2.0 Armour
 + Level 4.3 Dodging
 + Level 3.8 Stealth
 * Level 4.7 Shields
 * Level 4.6 Evocations


You had 8 spell levels left.
You didn't know any spells.
Your spell library contained the following spells:

 Spells                   Type           Power      Damage    Failure   Level
 Inner Flame              Hex/Fire       0%         N/A       95%         3
 Flame Wave               Conj/Fire      0%         2d4       100%        4
 Sticky Flame             Conj/Fire      0%         2d3       100%        4


Dungeon Overview and Level Annotations

Branches:
Dungeon (7/15)             Temple (0/1) D:6

Altars:
Dithmenos
Gozag
Hepliaklqana
Makhleb
Sif Muna
Uskayaw
Wu Jian
Xom

Shops:
D:1 ?   D:7 ?

Annotations:
D:6 Eustachio
D:7 wormed's ghost, novice GnWn


Innate Abilities, Weirdness & Mutations

You have a pair of small antennae on your head.
Your demonic aura sometimes causes spilled blood to erupt in flames.
You regenerate a little health from kills.
Your movements are less encumbered by armour. (ER -4)


Message History

The yak is moderately wounded.
The yak completely misses you.
You hit the yak.
Nothing appears to happen.
The yak is moderately wounded.
The raiju pauses to sniff the ground.
The yak gores you!
* * * LOW HITPOINT WARNING * * *
You hit the yak.
The yak is heavily wounded.
The raiju bursts into living lightning!
The living lightning hits the yak.
The yak resists.
The living lightning hits you.
* * * LOW HITPOINT WARNING * * *
The raiju blinks! x2; You block the yak's attack.
You hit the yak but do no damage.
The yak is heavily wounded.
You hit the yak but do no damage.
The yak is heavily wounded.
The yak closely misses you.
You hit the yak.
The yak is poisoned.
The yak is severely wounded.
The yak closely misses you.
You closely miss the yak.
The yak is severely wounded.
The yak barely misses you.
You hit the yak but do no damage.
The yak is severely wounded.
You block the yak's attack.
You hit the yak but do no damage.
The yak is severely wounded.
You block the yak's attack.
You completely miss the yak.
The yak is severely wounded.
The yak gores you.
* * * LOW HITPOINT WARNING * * *
You hit the yak.
The yak is severely wounded.
The yak gores you!
You die...
Xom howls with laughter!

..)>.......##∩8.####....###.....#
#~.....#.######## ####<.###..#.#
#≈.....#..# ##.###.##..
≈≈[....#..## #..##.##..
≈......##..### ##..#....#
.......###...## ##....###
......## #.#.{# #.##.# .....##
#.##.##### ###....# ######
#.##hWY@.######....#.###
#.######..##....#.##...# #.#
##....####.###### #.#
###.b##.....#≈≈≈§
#####.######...........#≈8.8
##..............bb......'.._.
#..###.####...|###......#≈8.8
##.## #..###.#### ##.#####≈§§≈
####..# ##..#..# #.#########


You could see a yak (agile, resistant, poisoned), a raiju shaped shifter and
wormed's ghost.

Vanquished Creatures
  A wizard (D:7)
  Joseph (D:7)
  A water moccasin (D:7)
  2 ice beasts
  A black bear (D:6)
  A centaur (D:7)
  4 ogres (D:5)
  2 phantoms (D:4)
  A kobold brigand (D:7)
  4 bullfrogs
  A scorpion (D:5)
  A necrophage (D:5)
  A gnoll sergeant (D:6)
  2 howler monkeys
  2 orc priests
  2 hounds (D:5)
  A jelly (D:5)
  An iguana (D:6)
  2 orc wizards
  11 gnolls
  5 adders
  A white imp (D:6)
  A worm (D:2)
  2 dart slugs (D:2)
  12 orcs
  5 bats
  3 endoplasms
  3 giant cockroaches
  7 goblins
  12 hobgoblins
  2 jackals (D:2)
  8 quokkas
  4 ball pythons
  2 frilled lizards
  12 kobolds
  7 rats
128 creatures vanquished.

Vanquished Creatures (collateral kills)
  An ice beast (D:5)
  An iguana (D:5)
  A gnoll (D:7)
  An ufetubus (D:5)
  2 orcs (D:5)
6 creatures vanquished.

Vanquished Creatures (others)
  A necrophage (D:7)
  A centaur zombie (D:7)
  An orc (D:4)
3 creatures vanquished.

Grand Total: 137 creatures vanquished

Notes
Turn   | Place    | Note
-------+----------+-------------------------------------------
     0 | D:1      | acebull12 the Demonspawn Chaos Knight began the quest for
                  | the Orb.
     0 | D:1      | Reached XP level 1. HP: 18/18 MP: 1/1
    78 | D:1      | Reached skill level 3 in Polearms
   139 | D:1      | Gained mutation: You regenerate a little health from kills.
                  | [demonic ancestry]
   139 | D:1      | Reached XP level 2. HP: 9/24 MP: 2/2
   309 | D:1      | XOM: silly message
   368 | D:1      | XOM: potion effect (haste)
   516 | D:1      | Found Yqiezimi's Magic Scroll Shop.
   557 | D:1      | Bought a scroll of identify for 20 gold pieces
   569 | D:2      | XOM: divination: detect items
   575 | D:2      | Gained mutation: Your movements are slightly less
                  | encumbered by armour. (ER -2) [demonic ancestry]
   575 | D:2      | Reached XP level 3. HP: 29/29 MP: 3/3
   786 | D:2      | XOM: divination: detect creatures
   927 | D:2      | XOM: divination: detect items
   952 | D:2      | XOM: silly message
  1143 | D:3      | Found an ornate altar of the Wu Jian Council.
  1153 | D:3      | Reached skill level 1 in Dodging
  1153 | D:3      | Gained mutation: Your demonic aura sometimes causes spilled
                  | blood to erupt in flames. [demonic ancestry]
  1153 | D:3      | Reached XP level 4. HP: 35/35 MP: 4/4
  1232 | D:3      | XOM: divination: detect items
  1240 | D:3      | XOM: 1-stop teleportation journey
  1559 | D:3      | Reached skill level 4 in Polearms
  1866 | D:3      | XOM: silly message
  1893 | D:4      | XOM: stealth player
  1948 | D:4      | Found a burning altar of Makhleb.
  1967 | D:4      | XOM: destruction
  1983 | D:4      | Reached skill level 1 in Stealth
  2003 | D:4      | XOM: scenery: summon butterflies
  2031 | D:4      | Reached skill level 1 in Evocations
  2043 | D:4      | Gained mutation: Your movements are less encumbered by
                  | armour. (ER -4) [demonic ancestry]
  2043 | D:4      | Reached XP level 5. HP: 41/41 MP: 5/5
  2085 | D:4      | Noticed a phantom
  2090 | D:4      | Noticed a phantom
  2092 | D:4      | XOM: cleaving
  2095 | D:4      | XOM: fog
  2099 | D:4      | XOM: potion effect (might)
  2102 | D:4      | Killed a phantom
  2112 | D:4      | Killed a phantom
  2113 | D:4      | Reached skill level 5 in Polearms
  2113 | D:4      | Reached XP level 6. HP: 42/47 MP: 6/6
  2185 | D:4      | Identified the +6 short sword "Rulureg" {freeze, Str+3
                  | SInv}
  2369 | D:4      | XOM: scenery: create altars
  2399 | D:5      | Entered Level 5 of the Dungeon
  2420 | D:5      | XOM: scenery: summon butterflies
  2422 | D:5      | a hound changed into an ice beast
  2422 | D:5      | Noticed an ice beast
  2422 | D:5      | XOM: potion effect (heal wounds)
  2422 | D:5      | Killed an ice beast
  2478 | D:5      | XOM: god gift: +2 hat
  2486 | D:5      | XOM: summons friendly iron imp
  2493 | D:5      | Reached skill level 1 in Shields
  2493 | D:5      | Gained mutation: You have a pair of small antennae on your
                  | head. [demonic ancestry]
  2493 | D:5      | Reached XP level 7. HP: 49/53 MP: 7/7
  2500 | D:5      | XOM: summons 4 friendly demons
  2551 | D:5      | HP: 1/53 [orc priest/+0 mace (8)]
  2642 | D:5      | Reached skill level 6 in Polearms
  2665 | D:5      | XOM: summons 5 friendly demons
  2729 | D:5      | XOM: summons 7 friendly demons
  2761 | D:5      | XOM: butterfly on damage
  2768 | D:5      | Reached XP level 8. HP: 39/60 MP: 8/8
  2903 | D:5      | Found a hide-covered altar of Uskayaw.
  3122 | D:6      | XOM: enchant monster (good)
  3262 | D:6      | XOM: enchant monster (bad)
  3280 | D:6      | XOM: polymorph gnoll -> frilled lizard
  3284 | D:6      | XOM: enchant monster (good)
  3420 | D:5      | XOM: torment (31/60 hp)
  3466 | D:6      | Found a staircase to the Ecumenical Temple.
  3508 | D:6      | Reached skill level 7 in Polearms
  3514 | D:6      | XOM: stat loss: -1 Str (13/14)
  3570 | D:6      | Found a shimmering blue altar of Sif Muna.
  3606 | D:6      | XOM: summons friendly white imp
  3884 | D:6      | Noticed Eustachio
  3884 | D:6      | You fall into a shaft and drop 1 floor!
  3892 | D:7      | Found a runed translucent gate.
  3892 | D:7      | Found a runed translucent gate.
  3892 | D:7      | Found an opulent altar of Gozag.
  3892 | D:7      | Found a runed translucent gate.
  3894 | D:7      | Noticed a jumping spider
  3898 | D:7      | Noticed wormed's ghost (novice GnWn)
  3900 | D:7      | a jumping spider changed into a death drake
  3900 | D:7      | Noticed a death drake (shapeshifter)
  3910 | D:7      | Noticed a wizard
  3917 | D:7      | Killed a wizard
  3918 | D:7      | Reached XP level 9. HP: 45/66 MP: 9/9
  3993 | D:7      | Noticed Joseph
  4010 | D:7      | Killed Joseph
  4221 | D:7      | Reached skill level 8 in Polearms
  4285 | D:7      | XOM: stat loss: -1 Int (12/13)
  4389 | D:7      | Found a hazy altar of Hepliaklqana.
  4604 | D:7      | Found Mamothraps's Magic Scroll Shop.
  4672 | D:7      | Found a shadowy altar of Dithmenos.
  4691 | D:7      | Noticed a meliai
  4776 | D:7      | Noticed a polar bear
  4791 | D:7      | XOM: blink monster(s)
  4802 | D:7      | Reached skill level 5 in Fighting
  4803 | D:7      | XOM: scenery: summon butterflies
  4819 | D:7      | HP: 3/68 [yak (4)]
  4821 | D:7      | Slain by a yak

Illustrated notes

Levels and vault maps discovered:
D:1:      minmay_arrival_floating_metal, layout_loops_cross, serial_shops, shop
D:2:      layout_rooms
D:3:      layout_basic, mainiacjoe_overflow_boulevard, st_stairs_9
D:4:      corexii_shack_village, layout_loops_ring, bloody_makhleb
D:5:      layout_rooms, mainiacjoe_overflow_big_doors
D:6:      layout_basic, tgw_sif, tso_altar, temple_fountains, corner_web_ring,
          uniq_eustachio
D:7:      cheibrodos_wizards_tower, layout_rooms,
          mainiacjoe_overflow_concentric_impassable, kennysheep_little_box,
          serial_shops, shop, ebering_ghost_gozag, minmay_unpleasant_kobolds,
          uniq_joseph

Skill      XL: |  1  2  3  4  5  6  7  8  9 |
---------------+----------------------------+-----
Polearms       | 3 4 5 6 7 8 |  8.1
Armour         | 2 |  2.0
Dodging        | 1 2 3 4 |  4.3
Stealth        | 1 2 3 |  3.8
Evocations     | 1 2 3 4 |  4.6
Shields        | 1 3 4 |  4.7
Fighting       | 4 5 |  5.0

Action                   |  1- 3 |  4- 6 |  7- 9 || total
-------------------------+-------+-------+-------++-------
Melee: Spear             |   133 |   148 |   415 ||   696
       Punch             |       |     3 |       ||     3
  Use: Scroll            |     1 |     3 |     1 ||     5
       Potion            |       |       |     3 ||     3
 Stab: Sleeping          |     3 |     5 |     4 ||    12
       Paralysed         |     3 |     5 |       ||     8
       Distracted        |       |       |     2 ||     2
Armor: Leather armour    |    27 |    46 |   112 ||   185
Dodge: Dodged            |    57 |    59 |   166 ||   282
Block: Kite shield       |       |    11 |   141 ||   152

Table legend: (Time is in decaauts)
 A = Elapsed time spent in this place.
 B = Non-inter-level travel time spent in this place.
 C = Inter-level travel time spent in this place.
 D = Time resting spent in this place.
 E = Time spent auto-exploring this place.
 F = Levels seen in this place.
 G = Mean time per level.
                   A        B        C        D        E       F      G
               +--------+--------+--------+--------+--------+-----+--------+
         Total |   4754 |   4447 |    307 |    121 |   3017 |   7 |  679.1 |
       Dungeon |   4754 |   4447 |    307 |    121 |   3017 |   7 |  679.1 |
               +--------+--------+--------+--------+--------+-----+--------+

Top non-repeatable levels by time:
     D:7: 913 daAuts
     D:5: 881 daAuts
     D:3: 850 daAuts
     D:6: 600 daAuts
     D:1: 544 daAuts
     D:4: 494 daAuts
     D:2: 468 daAuts
